 Dungeon Crawl Stone Soup version 0.30-a0-613-gdd512c7efb (webtiles) character file.

Game seed: 4014724189719057433

471 acebull12 the Poker (level 6, -3/47 HPs)
             Began as a Demonspawn Gladiator on Jan 8, 2023.
             Slain by an iguana (10 damage)
             ... on level 4 of the Dungeon.
             The game lasted 00:08:41 (3756 turns).

acebull12 the Poker (Demonspawn Gladiator)          Turns: 3756, Time: 00:08:41

Health: -3/47      AC:  5    Str: 16    XL:     6   Next: 83%
Magic:  7/7        EV: 12    Int: 11    God:
Gold:   232        SH:  5    Dex: 15    Spells: 5/7 levels left

rFire   . . .      SeeInvis .    a - +0 trident (vamp)
rCold   . . .      Faith    .    (no shield)
rNeg    . . .      Spirit   .    b - +1 leather armour
rPois   .          Reflect  +    c - +0 helmet
rElec   .          Harm     .    (no cloak)
rCorr   .          Rampage  .    (no gloves)
Will    .....                    (no boots)
Stlth   ++                       f - amulet of reflection
HPRegen 0.27/turn                (no ring)
MPRegen 0.10/turn                (no ring)

@: no status effects
A: hooves 1, powered by death 1, big brain 1
a: no special abilities


You were on level 4 of the Dungeon.
You visited 1 branch of the dungeon, and saw 5 of its levels.

You collected 232 gold pieces.

Inventory:

Hand Weapons
 a - a +0 vampiric trident (weapon)
Missiles
 d - 2 throwing nets (quivered)
 e - a javelin
Armour
 b - a +1 leather armour (worn)
 c - a +0 helmet (worn)
Jewellery
 f - an amulet of reflection (around neck)
 o - a ring of fire
 w - a ring of protection from fire
Scrolls
 h - 3 scrolls of teleportation
 r - a scroll of blinking
Potions
 i - 2 potions of might
 l - a potion of lignification
 q - a potion of ambrosia {unknown}
 s - a potion of attraction
 u - a potion of flight {unknown}
 v - a potion of invisibility {unknown}


   Skills:
 + Level 3.1 Fighting
 + Level 4.7 Polearms
 - Level 1.7 Throwing
 + Level 2.5 Armour
 + Level 3.3 Dodging
 + Level 1.0 Stealth
 + Level 1.6 Shields
 * Level 1.2 Spellcasting
 * Level 1.1 Transmutations


You had 5 spell levels left.
You knew the following spells:

 Your Spells              Type           Power      Damage    Failure   Level
a - Wereblood             Tmut           3%         N/A       34%         2

Your spell library contained the following spells:

 Spells                   Type           Power      Damage    Failure   Level
 Sublimation of Blood     Necr           0%         N/A       50%         2
 Ignite Poison            Fire/Tmut/Pois 1%         N/A       67%         3
 Hailstorm                Conj/Ice       0%         3d3       75%         3
 Kindle Blastsparks       Fire/Tloc/Air  0%         2d10      75%         3
 Ice Form                 Ice/Tmut       1%         N/A       96%         4
 Freezing Cloud           Conj/Ice/Air   0%         6-21      100%        5
 Simulacrum               Ice/Necr       0%         N/A       100%        6
 Summon Hydra             Summ           0%         N/A       100%        7


Dungeon Overview and Level Annotations

Branches:
Dungeon (5/15)
 Temple: D:4-7

Altars:
Ashenzari
Hepliaklqana
Qazlal
Uskayaw
Vehumet
Wu Jian
Xom

Annotations:
D:3 Sigmund


Innate Abilities, Weirdness & Mutations

You have large cloven feet.
You regenerate a little health from kills.
You have an unusually large brain. (Int +2)


Message History

The iguana closely misses you.
You hit the iguana but do no damage.
The iguana is moderately wounded.
The hound bites you. The iguana closely misses you.
You block the hound's attack. The hound attacks as you move away!
The hound barely misses you. The iguana attacks as you move away!
The iguana bites you but does no damage.
There is a stone staircase leading up here.
The iguana bites you!
* * * LOW HITPOINT WARNING * * *
You climb upwards.
There is a stone staircase leading down here.
You feel much better. The iguana bites you!
You closely miss the iguana. You kick the iguana, but do no damage.
The iguana is moderately wounded.
The iguana hisses menacingly.
The iguana barely misses you.
You hit the iguana but do no damage. You kick the iguana.
The iguana is severely wounded.
The iguana closely misses you. The iguana bites you!
* * * LOW HITPOINT WARNING * * *
You hit the iguana.
You feel better.
You kick the iguana, but do no damage.
The iguana is severely wounded.
The iguana closely misses you.
You completely miss the iguana. You kick the iguana.
The iguana is almost dead.
The iguana bites you!
* * * LOW HITPOINT WARNING * * *
You hit the iguana but do no damage. Your kick misses the iguana.
The iguana is almost dead.
The iguana barely misses you.
You completely miss the iguana. Your kick misses the iguana.
The iguana is almost dead.
The iguana bites you.
* * * LOW HITPOINT WARNING * * *
You closely miss the iguana. Your kick misses the iguana.
The iguana is almost dead.
The iguana bites you!
You die...

##.#.#.....#.........
#..........#.........
##.#.#.....#.........
#.....####'#......#'#
##.#.#............'_'
#...........####..#+#
##.#.#......#........
#....l......#........
##.#@#......#.....#..
#...........#######.^
###.#.#...............
#.....................
#.#.#.#...............
#..............)......
#.#.#.#...............
#.....................
#.#.#.#...............


You could see an iguana.

Vanquished Creatures
  An ice beast (D:3)
  A black bear (D:4)
  A scorpion (D:4)
  An iguana (D:5)
  Natasha (D:4)
  7 adders
  A white imp (D:4)
  3 worms
  4 dart slugs
  7 orcs
  5 ball pythons
  5 endoplasms
  5 giant cockroaches
  7 goblins
  8 hobgoblins
  13 jackals
  2 quokkas
  9 bats
  2 frilled lizards
  4 kobolds
  6 rats
93 creatures vanquished.

Vanquished Creatures (others)
  22 plants (D:4)
22 creatures vanquished.

Grand Total: 115 creatures vanquished

Notes
Turn   | Place    | Note
-------+----------+-------------------------------------------
     0 | D:1      | acebull12 the Demonspawn Gladiator began the quest for the
                  | Orb.
     0 | D:1      | Reached XP level 1. HP: 16/16 MP: 1/1
   154 | D:1      | Reached skill level 3 in Polearms
   291 | D:1      | Gained mutation: You have an unusually large brain. (Int
                  | +2) [demonic ancestry]
   291 | D:1      | Reached XP level 2. HP: 22/22 MP: 2/2
   924 | D:2      | Gained mutation: You have large cloven feet. [demonic
                  | ancestry]
   924 | D:2      | Reached XP level 3. HP: 27/27 MP: 3/3
  1115 | D:2      | Found a hide-covered altar of Uskayaw.
  1169 | D:2      | Gained mutation: You regenerate a little health from kills.
                  | [demonic ancestry]
  1169 | D:2      | Reached XP level 4. HP: 34/34 MP: 4/4
  1274 | D:2      | Reached skill level 1 in Armour
  1483 | D:3      | Found a radiant altar of Vehumet.
  1637 | D:3      | Noticed Sigmund
  1998 | D:3      | Found a stormy altar of Qazlal.
  1998 | D:3      | Found a broken altar of Ashenzari.
  2154 | D:4      | Found a hide-covered altar of Uskayaw.
  2160 | D:4      | Reached skill level 1 in Shields
  2241 | D:4      | Noticed a black bear
  2252 | D:4      | Killed a black bear
  2253 | D:4      | Reached skill level 4 in Polearms
  2253 | D:4      | Reached XP level 5. HP: 13/40 MP: 5/5
  2376 | D:4      | HP: 2/40 [poisoned by a scorpion]
  2562 | D:4      | Reached XP level 6. HP: 39/46 MP: 6/6
  2565 | D:4      | Learned a level 2 spell: Wereblood
  2608 | D:4      | Found a hazy altar of Hepliaklqana.
  2619 | D:4      | Noticed an ice beast
  2645 | D:3      | Killed an ice beast
  2826 | D:4      | Reached skill level 1 in Stealth
  3003 | D:4      | Noticed Natasha
  3015 | D:4      | Killed Natasha
  3016 | D:4      | Reached skill level 1 in Spellcasting
  3051 | D:4      | Found an ornate altar of the Wu Jian Council.
  3095 | D:4      | Reached skill level 1 in Transmutations
  3407 | D:4      | Found a shimmering altar of Xom.
  3496 | D:5      | Entered Level 5 of the Dungeon
  3756 | D:4      | Slain by an iguana

Illustrated notes

Levels and vault maps discovered:
D:1:      dpeg_arrival_signposts, layout_loops_ring, st_stairs_4,
          corexii_item_surrounded_by_moat
D:2:      layout_rooms, basic_altar
D:3:      layout_basic, mainiacjoe_overflow_tiny_flanked,
          gammafunk_temple_overflow_claw, uniq_sigmund
D:4:      layout_gridville, nicolae_wu_jian_wuxing_cycle, kennysheep_mini_moat,
          general_overflow_altar, overflow_temple_1_default,
          serial_bayou_lagoon_a, st_stairs_13, grunt_ministairs_9,
          minmay_unequal, uniq_natasha
D:5:      layout_basic, mainiacjoe_overflow_concentric_impassable,
          nicolae_sif_muna_little_library, roderic_cross_of_infinity,
          nicolae_shop_overcharged_wands

Skill      XL: |  1  2  3  4  5  6 |
---------------+-------------------+-----
Polearms       | 3 4 |  4.7
Armour         | 1 2 |  2.5
Dodging        | 3 |  3.3
Shields        | 1 |  1.6
Fighting       | 3 |  3.1
Stealth        | 1 |  1.0
Spellcasting   | 1 |  1.2
Transmutations | 1 |  1.1
Throwing       | |  1.7

Action                   |  1- 3 |  4- 6 || total
-------------------------+-------+-------++-------
Melee: Trident           |   111 |   220 ||   331
       Kick              |     7 |    50 ||    57
       Punch             |       |     1 ||     1
Throw: Throwing net      |       |     1 ||     1
  Use: Scroll            |       |    11 ||    11
       Potion            |       |     1 ||     1
 Stab: Sleeping          |     2 |       ||     2
Armor: Leather armour    |    21 |    35 ||    56
Dodge: Dodged            |    57 |   105 ||   162
Block: Other             |    16 |    44 ||    60
       Reflection        |       |     1 ||     1

Table legend: (Time is in decaauts)
 A = Elapsed time spent in this place.
 B = Non-inter-level travel time spent in this place.
 C = Inter-level travel time spent in this place.
 D = Time resting spent in this place.
 E = Time spent auto-exploring this place.
 F = Levels seen in this place.
 G = Mean time per level.
                   A        B        C        D        E       F      G
               +--------+--------+--------+--------+--------+-----+--------+
         Total |   3806 |   3446 |    360 |    324 |   2327 |   5 |  761.2 |
       Dungeon |   3806 |   3446 |    360 |    324 |   2327 |   5 |  761.2 |
               +--------+--------+--------+--------+--------+-----+--------+

Top non-repeatable levels by time:
     D:4: 1391 daAuts
     D:1: 878 daAuts
     D:3: 802 daAuts
     D:2: 663 daAuts
     D:5: 70 daAuts
